 Dungeon Crawl Stone Soup version 0.24.0-123-gd5b16e6ec5 (webtiles) character file.

Game seed: 1094932723255490935, levelgen mode: deterministic

821 FishyPogo the Skirmisher (level 7, -8/57 HPs)
             Began as a Demonspawn Chaos Knight on Jan 11, 2020.
             Was a Plaything of Xom.
             Mangled by an ogre
             ... wielding a +0 giant spiked club
              (21 damage)
             ... on level 5 of the Dungeon on Jan 12, 2020.
             The game lasted 00:15:32 (3260 turns).

FishyPogo the Skirmisher (Demonspawn Chaos Knight)  Turns: 3260, Time: 00:15:33

Health: -8/57      AC: 11    Str: 15    XL:     7   Next: 63%
Magic:  0/7        EV: 11    Int: 13    God:    Xom [.....*]
Gold:   509        SH:  0    Dex: 12    Spells: 3/6 levels left

rFire    . . .     SeeInvis .   a - +4 quarterstaff (chaos)
rCold    . . .     Gourm    .   (shield currently unavailable)
rNeg     . . .     Faith    +   k - +2 leather armour
rPois    .         Spirit   +   (helmet restricted)
rElec    .         Reflect  .   t - +1 cloak
rCorr    .         Harm     .   q - +1 pair of gloves
MR       .....                  f - +0 pair of boots
Stlth    +.........             n - amulet of faith
HPRegen  0.19/turn              (no ring)
MPRegen  0.10/turn              (no ring)

@: no status effects
A: horns 2, magic shield
a: Renounce Religion


You were on level 5 of the Dungeon.
You worshipped Xom.
You were Xom's teddy bear.
You were not hungry.

You visited 1 branch of the dungeon, and saw 5 of its levels.
You also visited: Ossuary.

You collected 509 gold pieces.

Inventory:

Hand Weapons
 a - a +4 quarterstaff of chaos (weapon)
 b - a +4 shortbow
 u - a +0 short sword of chaos
 I - a +0 antimagic dagger
Missiles
 d - 210 stones (quivered)
 E - 5 silver javelins
 F - 12 poisoned darts
 J - 50 arrows
Armour
 f - a +0 pair of boots (worn)
 k - a +2 leather armour (worn)
 q - a +1 pair of gloves (worn)
 r - a +0 scale mail
 t - a +1 cloak (worn)
Jewellery
 e - an uncursed amulet of the gourmand {unknown}
 n - an amulet of faith (around neck)
 o - a cursed amulet of inaccuracy {unknown}
 v - an uncursed amulet of rage {unknown}
Scrolls
 g - a scroll of immolation {unknown}
 i - a scroll of remove curse
 l - 3 scrolls of enchant armour
 m - 3 scrolls of identify
 w - 3 scrolls of teleportation
 y - a scroll of magic mapping {unknown}
 B - a scroll of random uselessness {unknown}
Potions
 h - 8 potions of curing
 j - a potion of brilliance {unknown}
 p - a potion of agility {unknown}
 s - 4 potions of invisibility {unknown}
 x - 2 potions of degeneration {unknown}
 z - a potion of might {unknown}
 A - a potion of berserk rage {unknown}
 C - 2 potions of magic {unknown}
 D - a potion of mutation {unknown}
 H - a potion of ambrosia {unknown}
 K - a potion of resistance {unknown}
Comestibles
 c - 6 rations
 G - 3 chunks of flesh


   Skills:
 * Level 5.7 Fighting
 - Level 4.0 Short Blades
 * Level 5.2 Armour
 - Level 0.8 Dodging
 * Level 3.0 Necromancy


You had 3 spell levels left.
You knew the following spells:

 Your Spells              Type           Power        Failure   Level  Hunger
h - Regeneration          Chrm/Necr      #.........   52%         3    ####...

Your spell library contained the following spells:

 Spells                   Type           Power        Failure   Level  Hunger
 Animate Skeleton         Necr           N/A          11%         1    ##.....
 Pain                     Necr           #...         11%         1    ##.....
 Vampiric Draining        Necr           #.........   30%         3    ####...
 Animate Dead             Necr           N/A          71%         4    #####..


Dungeon Overview and Level Annotations

Branches:
Dungeon (5/15)            Ossuary (visited)
 Temple: D:4-7

Altars:
Cheibriados
Qazlal
Xom

Annotations:
D:3 2 transporters


Innate Abilities, Weirdness & Mutations

You have a pair of horns on your head.
When hurt, damage is shared between your health and your magic reserves.


Message History

Your limbs are stiffening.
You have turned to stone.
The ogre hits you with a +0 giant spiked club.
The ogre is engulfed in seething chaos.
The ogre seems to speed up.
The ogre hits you with a +0 giant spiked club!
The ogre is engulfed in seething chaos.
The ogre flickers and vanishes!
Deactivating autopickup; reactivate with Ctrl-A.
Something hits you but does no damage. Something hits you!
You are engulfed in seething chaos.
Xom thinks this is hilarious!
Something hits you.
You are engulfed in seething chaos.
Something hits you but does no damage. Something hits you!
You turn to flesh and can move again.
Unknown command.
You barely miss something. Something hits you!
* * * LOW HITPOINT WARNING * * *
Something hits you!!
You die...

##.....#................#
#.##..#.................
###.....##................
##.......#.................
#..###........#............
#...........#.#............
.#...........# ... .....#
#.$..#......#.... ......
#.......@........ .......
#..†....####.####........
####....#..# ... #........
#..$....#..# ....#........
#.......#...# ....#.....[..
#......(...#...
...........g
#..........#..#.. #........
##............#.. #........
#.............# ..
#........


There were no monsters in sight!

Vanquished Creatures
  The ghost of Xerdoz the Firebug, an amateur BaFE (D:3)
  A centaur (D:5)
  2 scorpions
  A jelly (D:5)
  2 orc wizards
  Crazy Yiuf (D:2)
  Terence (D:2)
  3 worker ants
  A big kobold zombie (Ossuary)
  5 mummies (Ossuary)
  Robin (D:4)
  8 adders
  An adder skeleton (D:5)
  2 worms
  4 leopard geckos
  7 orcs
  9 giant cockroaches
  A gnoll zombie (Ossuary)
  20 goblins
  11 hobgoblins
  5 jackals
  3 kobolds
  7 quokkas
  3 ball pythons
  10 bats
  7 frilled lizards
  2 hobgoblin zombies (Ossuary)
  2 kobold zombies (Ossuary)
  A leopard gecko zombie (D:5)
  2 orc zombies (Ossuary)
  4 rats
128 creatures vanquished.

Vanquished Creatures (collateral kills)
  2 mummies (Ossuary)
2 creatures vanquished.

Vanquished Creatures (others)
  A mummy (Ossuary)
1 creature vanquished.

Grand Total: 131 creatures vanquished

Notes
Turn   | Place    | Note
-------+----------+-------------------------------------------
     0 | D:1      | FishyPogo the Demonspawn Chaos Knight began the quest for
                  | the Orb.
     0 | D:1      | Reached XP level 1. HP: 18/18 MP: 1/1
   262 | D:1      | XOM: divination: magic mapping
   301 | D:1      | Gained mutation: When hurt, damage is shared between your
                  | health and your magic reserves. [demonic ancestry]
   301 | D:1      | Reached XP level 2. HP: 24/24 MP: 0/2
   528 | D:1      | XOM: silly message
   655 | D:2      | Noticed Terence
   658 | D:2      | XOM: divination: magic mapping
   669 | D:2      | XOM: harmless Summ miscast
   727 | D:2      | Gained mutation: You have a pair of small horns on your
                  | head. [demonic ancestry]
   727 | D:2      | Reached XP level 3. HP: 19/29 MP: 3/3
   802 | D:2      | XOM: silly message
   883 | D:2      | XOM: potion effect (berserk rage)
   885 | D:2      | XOM: harmless Necr miscast
   888 | D:2      | Killed Terence
   888 | D:2      | Reached XP level 4. HP: 35/35 MP: 4/4
  1002 | D:2      | XOM: scenery: 1 doors open, 2 doors close
  1139 | D:2      | Found a runed translucent door.
  1140 | D:2      | Noticed Crazy Yiuf
  1158 | D:2      | XOM: mild Tmut miscast
  1182 | D:2      | Killed Crazy Yiuf
  1493 | D:3      | Found a transporter.
  1605 | D:3      | XOM: summons friendly crimson imp
  1615 | D:3      | Gained mutation: You have a pair of horns on your head.
                  | [demonic ancestry]
  1615 | D:3      | Reached XP level 5. HP: 42/42 MP: 5/5
  1694 | D:3      | Found a transporter.
  1711 | D:3      | Found a runed translucent door.
  1745 | D:3      | Noticed Xerdoz's ghost (amateur BaFE)
  1809 | D:3      | Found a runed translucent door.
  1826 | D:3      | XOM: mild Conj miscast
  1942 | D:3      | Found a snail-covered altar of Cheibriados.
  2008 | D:3      | XOM: enchant monster (good)
  2015 | D:3      | Killed Xerdoz's ghost
  2015 | D:3      | Reached XP level 6. HP: 45/49 MP: 6/6
  2055 | D:4      | Noticed Robin
  2063 | D:4      | Killed Robin
  2065 | D:4      | XOM: smoke on damage
  2101 | D:4      | XOM: divination: magic mapping
  2133 | D:4      | XOM: harmless Summ miscast
  2151 | D:4      | Learned a level 3 spell: Regeneration
  2167 | D:4      | Found a sand-covered staircase.
  2172 | Ossuary  | Entered an ossuary
  2186 | Ossuary  | XOM: enchant monster (bad)
  2195 | Ossuary  | XOM: enchant monster (bad)
  2207 | Ossuary  | XOM: harmless Summ miscast
  2211 | Ossuary  | Reached skill level 5 in Fighting
  2251 | Ossuary  | XOM: butterfly on damage
  2252 | Ossuary  | XOM: confusion
  2256 | Ossuary  | Reached skill level 1 in Necromancy
  2256 | Ossuary  | XOM: smoke on damage
  2313 | Ossuary  | XOM: 1-stop teleportation journey
  2316 | Ossuary  | XOM: summons 2 friendly demons
  2511 | D:4      | Reached XP level 7. HP: 37/56 MP: 4/7
  2893 | D:5      | Entered Level 5 of the Dungeon
  2936 | D:5      | XOM: harmless Tloc miscast
  2960 | D:5      | Reached skill level 5 in Armour
  3043 | D:5      | Found a stormy altar of Qazlal.
  3183 | D:5      | XOM: scenery: create altars
  3234 | D:5      | XOM: chaos cloud
  3237 | D:5      | XOM: noise
  3260 | D:5      | Mangled by an ogre

Levels and vault maps discovered:
D:1:      eino_arrival_cavern_c, layout_rooms
D:2:      layout_basic, minmay_misc_feat_five, minmay_tetromino_s4,
          uniq_crazy_yiuf_cottage, uniq_terence
D:3:      gammafunk_steamed_eel, layout_rooms, ebering_ghost_sewer_f,
          cheibriados_altar_1
D:4:      layout_rooms, first_ration, enter_ossuary_2, hangedman_decor_push,
          uniq_robin
D:5:      layout_rooms, nicolae_overflow_crystal_walls, old_standard_altar

Skill      XL: |  1  2  3  4  5  6  7 |
---------------+----------------------+-----
Armour         | 2 3 4 5 |  5.2
Short Blades   | 3 4 |  4.0
Fighting       | 4 5 |  5.7
Necromancy     | 1 3 |  3.0
Dodging        | |  0.8

Action                   |  1- 3 |  4- 6 |  7- 9 || total
-------------------------+-------+-------+-------++-------
Melee: Dagger            |    53 |       |       ||    53
       Short sword       |    74 |    17 |       ||    91
       Headbutt          |     5 |    20 |     9 ||    34
       Quarterstaff      |       |   160 |    58 ||   218
 Fire: Shortbow          |       |       |    11 ||    11
Throw: Stone             |    11 |     5 |     6 ||    22
  Use: Scroll            |       |     5 |       ||     5
 Stab: Petrifying        |     1 |       |       ||     1
       Paralysed         |       |     2 |     1 ||     3
       Sleeping          |       |     1 |       ||     1
  Eat: Chunk             |       |     5 |     3 ||     8
Armor: Leather armour    |    68 |   109 |    35 ||   212
Dodge: Dodged            |    78 |   137 |    31 ||   246
